 Dungeon Crawl Stone Soup version 0.22-a0-135-g6f012ad (webtiles) character file.

10514 kibaces the Covert (level 11, -7/47 HPs)
             Began as a Spriggan Enchanter on Jan 29, 2018.
             Blown up by a centaur (21 damage)
             ... with a wand of disintegration (5)
             ... on level 10 of the Dungeon on Feb 1, 2018.
             The game lasted 01:14:21 (14680 turns).

kibaces the Covert (Spriggan Enchanter)            Turns: 14680, Time: 01:14:22

Health: -7/47      AC: 10    Str:  6    XL:     11   Next: 37%
Magic:  25/25      EV: 30    Int: 18    God:
Gold:   519        SH:  0    Dex: 23    Spells: 20/28 levels left

rFire    . . .     SeeInvis +   H - +2 dagger (drain)
rCold    . . .     Gourm    .   (shield restricted)
rNeg     . . .     Faith    .   B - +1 robe {MR+}
rPois    .         Spirit   .   (helmet restricted)
rElec    .         Reflect  .   L - +1 cloak {+Inv}
rCorr    .         Harm     .   (gloves unavailable)
MR       ++...                  (boots unavailable)
Stlth    ++++++....             (no amulet)
HPRegen  0.15/turn              q - +5 ring of protection
MPRegen  0.19/turn              z - +6 ring of dexterity

@: very quick
A: very small, unfitting armour, see invisible, herbivore, speed 3, slow
metabolism 2
a: Evoke Invisibility


You were on level 10 of the Dungeon.
You were not hungry.

You visited 1 branch of the dungeon, and saw 10 of its levels.
You also visited: Ossuary.

You collected 519 gold pieces.

Inventory:

Hand Weapons
 l - a +2 dagger of holy wrath
 D - a +0 dagger of speed
 H - a +2 dagger of draining (weapon)
Missiles
 m - 11 curare-tipped needles
 n - 11 poisoned needles
 I - 6 needles of sleeping
Armour
 a - a scarf of resistance
 b - a +1 robe
 x - a +2 robe
 B - a +1 robe of magic resistance (worn)
 L - a +1 cloak of invisibility (worn)
Jewellery
 j - a +4 ring of evasion
 q - a +5 ring of protection (left hand)
 y - an uncursed ring of magical power
 z - a +6 ring of dexterity (right hand)
 C - an uncursed ring of poison resistance
Wands
 p - a wand of flame (4)
 w - a wand of iceblast (11)
 J - a wand of digging (9)
 M - a wand of random effects (32)
Scrolls
 f - a scroll of acquirement {unknown}
 k - 2 scrolls of remove curse
 s - 7 scrolls of teleportation
 u - a scroll of torment {unknown}
 A - a scroll of fog {unknown}
 E - a scroll of fear
 G - a scroll of holy word {unknown}
 K - a scroll of amnesia
Potions
 e - 2 potions of magic
 g - 4 potions of mutation
 h - 3 potions of haste
 i - a potion of flight {unknown}
 o - a potion of degeneration {unknown}
 r - 3 potions of curing
 t - 2 potions of agility {unknown}
 F - a potion of resistance {unknown}
 N - a potion of lignification {unknown}
Books
 c - a book of Maledictions

   Spells                             Type                      Level
   a - Corona                         Hexes                        1
   b - Ensorcelled Hibernation        Hexes/Ice                    2
   c - Confuse                        Hexes                        3
   d - Tukima's Dance                 Hexes                        3
   e - Dazzling Spray                 Conjuration/Hexes            3
 v - a book of Minor Magic

   Spells                             Type                      Level
   a - Magic Dart                     Conjuration                  1
   b - Blink                          Translocation                2
   c - Call Imp                       Summoning                    2
   d - Slow                           Hexes                        2
   e - Conjure Flame                  Conjuration/Fire             3
   f - Mephitic Cloud                 Conjuration/Poison/Air       3
Comestibles
 d - a ration


   Skills:
 - Level 8.8 Short Blades
 - Level 11.6 Dodging
 - Level 12.7 Stealth
 + Level 9.2 Spellcasting
 - Level 10.2 Hexes
 * Level 5.5 Evocations


You had 20 spell levels left.
You knew the following spells:

 Your Spells              Type           Power        Failure   Level  Hunger
a - Slow                  Hex            #####...     1%          2    None
b - Confuse               Hex            #####...     1%          3    None
c - Tukima's Dance        Hex            #####...     1%          3    None


Dungeon Overview and Level Annotations

Branches:
Dungeon (10/15)
 Temple: D:4-7         Lair: D:8-11         Orc: D:9-12

Altars:
Ashenzari
Cheibriados
Gozag
Makhleb
Nemelex Xobeh
Qazlal
Ru
Sif Muna
Trog
Uskayaw
Zin
The Shining One

Annotations:
D:4 exclusion: downstairs


Innate Abilities, Weirdness & Mutations

You are very small and have problems with some larger weapons.
You are too small for most types of armour.
You have supernaturally acute eyesight. (SInv)
You are a herbivore.
You cover ground extremely quickly.
You need consume almost no food.


Message History

The orc warrior is almost dead.
The centaur zaps a wand.
You resist with almost no effort. The orc warrior completely misses you.
The orc priest hits you but does no damage.
You completely miss the orc warrior.
The orc warrior is almost dead.
The centaur hits you but does no damage.
You hit the orc warrior but do no damage.
The orc warrior is almost dead.
The orc warrior hits you!
* * * LOW HITPOINT WARNING * * *
The orc priest completely misses you.
You barely miss the orc warrior.
The orc warrior is almost dead.
The centaur zaps a wand.
You resist with almost no effort.
You hit the orc warrior but do no damage.
You drain the orc warrior!
You kill the orc warrior!
The centaur zaps a wand.
You are blasted!
You die...

............#
#########
............#
#........
............#
#........
......(.....#
###........
............#
#o......o.)
............#
#o#..#o....
..........<.# #.#..#
..!
...........c###)#...)
.
...........[@o()######
#################


You could see a centaur and an orc priest.

Vanquished Creatures
  Erica (D:10)
  The ghost of Xenophilius the Grappler, a novice TrFi of Cheibriados (D:8)
  A two-headed ogre (D:8)
  Pikel (D:6)
  An ugly thing (D:8)
  2 centaur zombies (D:10)
  3 centaur skeletons (D:10)
  2 hellwings (D:10)
  Prince Ribbit (D:5)
  2 hippogriffs
  Sigmund (D:6)
  A shadow (D:7)
  4 yaks (D:9)
  Eustachio (D:4)
  A hungry ghost (D:8)
  Duvessa (D:5)
  2 slaves (D:6)
  A porcupine (D:10)
  A black bear (D:10)
  3 ice beasts
  2 orc warriors (D:10)
  A phantom (D:5)
  2 sky beasts
  2 ogres
  2 centaurs
  6 bullfrogs
  Dowan (D:5)
  2 wyvern zombies (D:10)
  A wyvern skeleton (D:10)
  2 scorpions
  11 killer bees
  2 howler monkeys
  An electric eel (D:9)
  7 crimson imps
  A bullfrog zombie (D:9)
  2 jellies
  4 hounds
  Crazy Yiuf (D:6)
  3 orc priests
  7 orc wizards
  5 bullfrog skeletons
  3 iguanas
  3 worker ants
  A hound zombie (D:9)
  2 hound skeletons
  A mummy (Ossuary)
  A worker ant zombie (D:6)
  9 gnolls
  12 adders
  8 river rats (D:7)
  3 shadow imps
  An adder zombie (D:9)
  2 worms
  2 dart slugs
  5 leopard geckos
  32 orcs
  13 bats
  13 giant cockroaches
  6 goblins
  4 hobgoblins
  3 jackals (D:4)
  7 quokkas
  3 ball pythons
  4 frilled lizards
  3 hobgoblin zombies (Ossuary)
  2 kobolds (D:1)
  2 kobold zombies (Ossuary)
  13 rats
254 creatures vanquished.

Vanquished Creatures (collateral kills)
  A gnoll (D:6)
1 creature vanquished.

Vanquished Creatures (others)
  A wizard (D:5)
  2 dancing weapons (D:10)
  44 fungi (D:10)
  44 plants
  A withered plant (D:10)
92 creatures vanquished.

Grand Total: 347 creatures vanquished

Notes
Turn   | Place    | Note
-------+----------+-------------------------------------------
     0 | D:1      | kibaces the Spriggan Enchanter began the quest for the Orb.
     0 | D:1      | Reached XP level 1. HP: 9/9 MP: 5/5
   299 | D:1      | Reached XP level 2. HP: 13/13 MP: 6/6
   986 | D:1      | Found a deep blue altar of Sif Muna.
  1085 | D:2      | Reached XP level 3. HP: 16/16 MP: 8/8
  1133 | D:2      | Reached skill level 5 in Stealth
  1204 | D:2      | Learned a level 3 spell: Confuse
  1208 | D:2      | Learned a level 3 spell: Tukima's Dance
  1255 | D:2      | Found a hide-covered altar of Uskayaw.
  1803 | D:2      | Reached XP level 4. HP: 21/21 MP: 9/9
  3104 | D:3      | Reached XP level 5. HP: 23/24 MP: 10/10
  3336 | D:3      | Noticed an ice beast
  3349 | D:3      | Killed an ice beast
  3349 | D:3      | Reached skill level 5 in Dodging
  3349 | D:3      | Reached skill level 6 in Stealth
  3349 | D:3      | Reached skill level 5 in Hexes
  3772 | D:3      | Reached XP level 6. HP: 28/28 MP: 7/11
  4421 | D:4      | Found a burning altar of Makhleb.
  4423 | D:4      | Found a glowing silver altar of Zin.
  4424 | D:4      | Noticed a blizzard demon
  4424 | D:4      | Noticed an angel
  4485 | D:4      | Found a shattered altar of Ashenzari.
  4839 | D:4      | Reached skill level 7 in Stealth
  4988 | D:4      | Noticed Eustachio
  5009 | D:4      | Killed Eustachio
  5009 | D:4      | Reached XP level 7. HP: 17/32 MP: 8/12
  5316 | D:5      | Entered Level 5 of the Dungeon
  5349 | D:5      | Noticed Dowan
  5350 | D:5      | Noticed Duvessa
  5430 | D:5      | Found a snail-covered altar of Cheibriados.
  5556 | D:5      | Found a sand-covered staircase.
  5660 | D:5      | Noticed Prince Ribbit
  5676 | Ossuary  | Entered an ossuary
  5993 | D:5      | Reached skill level 8 in Stealth
  6296 | D:5      | Found a bloodstained altar of Trog.
  6298 | D:5      | Noticed a wizard
  6305 | D:5      | Killed a wizard
  6477 | D:6      | Reached skill level 5 in Short Blades
  6477 | D:6      | Reached XP level 8. HP: 36/36 MP: 9/13
  6761 | D:6      | Upgraded the game from 0.22-a0-117-g314b907 to 0.22-a0-135-g6f012ad
  6787 | D:6      | Found an opulent altar of Gozag.
  6826 | D:6      | Found a snail-covered altar of Cheibriados.
  6834 | D:6      | Learned a level 2 spell: Slow
  6877 | D:6      | Noticed Pikel
  7143 | D:6      | Killed Pikel
  7143 | D:6      | Reached skill level 9 in Stealth
  7278 | D:6      | Found a sacrificial altar of Ru.
  7352 | D:6      | Noticed Sigmund
  7373 | D:6      | Killed Sigmund
  7451 | D:6      | Reached XP level 9. HP: 39/39 MP: 17/17
  7531 | D:6      | Found a runed door.
  7981 | D:7      | Reached skill level 10 in Stealth
  7981 | D:7      | Reached skill level 5 in Spellcasting
  8462 | D:5      | Killed Prince Ribbit
  9130 | D:8      | Noticed Xenophilius's ghost (novice TrFi)
  9824 | D:8      | Noticed a two-headed ogre
  9836 | D:8      | Reached skill level 11 in Stealth
  9919 | D:8      | Killed a two-headed ogre
  9919 | D:8      | Reached skill level 10 in Dodging
  9919 | D:8      | Reached XP level 10. HP: 44/44 MP: 9/21
 10048 | D:8      | Noticed a brown ugly thing
 10055 | D:8      | Killed a brown ugly thing
 10727 | D:9      | Found a sparkling altar of Nemelex Xobeh.
 10727 | D:9      | Found a glowing golden altar of the Shining One.
 11266 | D:10     | Entered Level 10 of the Dungeon
 11273 | D:10     | Noticed Erica
 11609 | D:10     | Reached skill level 12 in Stealth
 11806 | D:10     | Reached skill level 10 in Hexes
 12011 | D:10     | Reached XP level 11. HP: 46/47 MP: 24/24
 13316 | D:6      | Noticed Crazy Yiuf
 13331 | D:6      | Killed Crazy Yiuf
 13417 | D:5      | Killed Duvessa
 13436 | D:5      | Killed Dowan
 13436 | D:5      | Reached skill level 1 in Evocations
 13619 | D:8      | Killed Xenophilius's ghost
 13661 | D:8      | Found a stormy altar of Qazlal.
 14319 | D:10     | Killed Erica
 14319 | D:10     | Reached skill level 5 in Evocations
 14680 | D:10     | Blown up by a centaur

Vault maps used:
D:1:      dpeg_arrival_water_altar, corexii_item_surrounded_by_moat
D:2:      eat_drink_and_be_merry_uskayaw
D:3:      minmay_roachtagon
D:4:      cheibrodos_barr_body, grunt_temple_overflow_order_and_chaos_2,
          ashenzari_altar_1, uniq_eustachio
D:5:      old_standard_altar, nicolae_ossuary_entry_false_entrances,
          first_ration, trog_wizard, uniq_duvessa, uniq_prince_ribbit1
D:6:      kennysheep_little_box, grunt_gozag_breadcrumbs, basic_altar,
          uniq_crazy_yiuf_cottage, uniq_sigmund, uniq_pikel
D:7:      lemuel_ratsnest, minmay_temple_entry_nine_rooms, the_bakery
D:8:      kennysheep_mini
D:9:      grunt_temple_overflow_open, serial_bayou, serial_bayou_shore_b,
          serial_bayou_pond_d, serial_bayou_crossing, serial_bayou_lagoon_b,
          kennysheep_crisscross, item_on_display_a
D:10:     cheibrodos_grave_circle, due_lair_maze_entry_diamond, erik_orc_1,
          uniq_erica
Ossuary:  ossuary_tomb_3

Skill      XL: |  1  2  3  4  5  6  7  8  9 10 11 |
---------------+----------------------------------+-----
Hexes          | 4 5 6 7 9 10 | 10.2
Stealth        | 5 6 7 8 9 11 12 | 12.7
Short Blades   | 2 3 4 5 6 7 8 |  8.8
Dodging        | 4 5 6 7 8 10 11 | 11.6
Spellcasting   | 4 6 8 9 |  9.2
Evocations     | 5 |  5.5

Action                   |  1- 3 |  4- 6 |  7- 9 | 10-12 || total
-------------------------+-------+-------+-------+-------++-------
Melee: Dagger            |   107 |   303 |   549 |   857 ||  1816
 Cast: Confuse           |     1 |    23 |    30 |     6 ||    60
       Corona            |     1 |       |       |       ||     1
       Tukima's Dance    |       |       |     5 |     7 ||    12
Evoke: Wand              |       |       |     7 |     2 ||     9
  Use: Scroll            |       |     6 |     5 |     3 ||    14
 Stab: Sleeping          |    16 |    13 |    20 |     6 ||    55
       Confused          |     1 |    11 |    18 |     5 ||    35
       Distracted        |       |     1 |     3 |     7 ||    11
  Eat: Ration            |       |     2 |     6 |     3 ||    11
Armor: Robe              |    11 |    36 |    30 |    57 ||   134
Dodge: Dodged            |    90 |   288 |   400 |   585 ||  1363

Table legend:
 A = Spawn XP
 B = Non-spawn XP
 C = Spawn XP percentage of total XP
 D = Spawn monster count
 E = Non-spawn monster count
 F = Spawn count percentage of total count
 G = Total turns spent on level
                    A         B        C        D         E        F      G
               +---------+---------+-------+---------+---------+-------+---------
         Total |       0 |   15020 |   0.0 |       0 |     253 |   0.0 | 14680
               +---------+---------+-------+---------+---------+-------+---------
           D:1 |       0 |      37 |   0.0 |       0 |      21 |   0.0 |  1044
           D:2 |       0 |      75 |   0.0 |       0 |      21 |   0.0 |  1035
           D:3 |       0 |     299 |   0.0 |       0 |      32 |   0.0 |  1798
           D:4 |       0 |     581 |   0.0 |       0 |      21 |   0.0 |  1559
           D:5 |       0 |     953 |   0.0 |       0 |      24 |   0.0 |  1804
           D:6 |       0 |    1634 |   0.0 |       0 |      21 |   0.0 |  1532
           D:7 |       0 |     565 |   0.0 |       0 |      22 |   0.0 |   760
           D:8 |       0 |    3980 |   0.0 |       0 |      28 |   0.0 |  1432
           D:9 |       0 |    1810 |   0.0 |       0 |      25 |   0.0 |  2307
          D:10 |       0 |    5063 |   0.0 |       0 |      32 |   0.0 |  1358
       Ossuary |       0 |      23 |   0.0 |       0 |       6 |   0.0 |    51
               +---------+---------+-------+---------+---------+-------+---------
